 Dungeon Crawl Stone Soup version 0.29.0-7-g18a832c13a (webtiles) character file.

Game seed: 14857229844287455212

98 Querens the Shield-Bearer (level 5, -2/38 (46) HPs)
             Began as a Meteoran Fighter on Aug 30, 2022.
             Slain by Crazy Yiuf
             ... wielding a +3 quarterstaff of chaos
              (3 damage)
             ... on level 3 of the Dungeon.
             The game lasted 00:05:32 (1588 turns).

Querens the Shield-Bearer (Meteoran Fighter)        Turns: 1588, Time: 00:05:32

HP:   -2/38 (46)    AC:  7    Str: 19    XL:     5   Next: 21%
MP:   0/7           EV: 14    Int: 10    God:
Gold: 70            SH:  5    Dex: 13    Spells: 4/6 levels left

rFire   + . .      SeeInvis .   m - +9 whip of Ignis's Approval {flame, rPois rF+ rC+ rN+}
rCold   + . .      Faith    .   c - +0 buckler
rNeg    + . .      Spirit   .   b - +0 scale mail
rPois   +          Reflect  .   (no helmet)
rElec   .          Harm     .   (no cloak)
rCorr   .          Rampage  .   (no gloves)
Will    .....                   (no boots)
Stlth   ..........              (no amulet)
HPRegen 0.12/turn               (no ring)
MPRegen 0.10/turn               (no ring)

@: agile, glowing, heavily drained
A: sense surroundings 1, otherworldly, glowing, explore regen
a: no special abilities


You were on level 3 of the Dungeon.
You visited 1 branch of the dungeon, and saw 3 of its levels.

You collected 70 gold pieces.

Inventory:

Hand Weapons
 m - the +9 whip of Ignis's Approval (weapon) {flame, rPois rF+ rC+ rN+}
   (You found it on level 2 of the Dungeon)

   It burns those it strikes, dealing additional fire damage.
   rF:        It protects you from fire.
   rC:        It protects you from cold.
   rPois:     It protects you from poison.
   rN:        It protects you from negative energy.
Armour
 b - a +0 scale mail (worn)
 c - a +0 buckler (worn)
Scrolls
 g - a scroll of vulnerability {unknown}
 i - 2 scrolls of teleportation {unknown}
 j - a scroll of enchant armour {unknown}
 o - a scroll of identify {unknown}
Potions
 a - 2 potions of haste {unknown}
 d - a potion of might
 e - a potion of berserk rage {unknown}
 f - 2 potions of attraction {unknown}
 h - 2 potions of flight {unknown}
 k - 3 potions of heal wounds {unknown}
 l - a potion of curing {unknown}
 n - a potion of lignification {unknown}


   Skills:
 + Level 3.8 Fighting
 + Level 3.3 Axes
 + Level 4.3 Armour
 + Level 4.3 Shields
 + Level 1.0 Spellcasting
 + Level 1.4 Transmutations


You had 4 spell levels left.
You knew the following spells:

 Your Spells              Type           Power      Damage    Failure   Level
a - Wereblood             Tmut           3%         N/A       73%         2

Your spell library contained the following spells:

 Spells                   Type           Power      Damage    Failure   Level
 Beastly Appendage        Tmut           6%         N/A       58%         1
 Spider Form              Tmut/Pois      1%         N/A       96%         3


Dungeon Overview and Level Annotations

Branches:
Dungeon (3/15) Zot: 368

Altars:

Annotations:
D:3 Crazy Yiuf


Innate Abilities, Weirdness & Mutations

You passively map a small area around you.
You are easily found by Zot.
You glow in the dark.
You regain HP and MP as you explore.


Message History

You hit the quokka. You burn the quokka.
The quokka is severely wounded.
The quokka bites you but does no damage.
You block the quokka's attack.
You hit the quokka. You burn the quokka.
You kill the quokka!
The quokka bites you but does no damage.
You hit the quokka. You burn the quokka.
You kill the quokka!
No target in view!
k - 3 grey potions (gained 1)
Found a stone staircase leading up.
Found a hammer.
Found a runed translucent door.
Crazy Yiuf shouts!
You open the door. You hit Crazy Yiuf but do no damage.
Crazy Yiuf barely misses you.
You hit Crazy Yiuf. You burn Crazy Yiuf.
Crazy Yiuf is lightly wounded.
Crazy Yiuf hits you with a +3 quarterstaff of chaos!
You feel agile all of a sudden.
You closely miss Crazy Yiuf.
Crazy Yiuf is lightly wounded.
Crazy Yiuf cries, "Line sallow seventy!"
Crazy Yiuf hits you with a +3 quarterstaff of chaos!
You feel your power leaking away.
You hit Crazy Yiuf but do no damage.
Crazy Yiuf is lightly wounded.
Crazy Yiuf hits you with a +3 quarterstaff of chaos!
* * * LOW HITPOINT WARNING * * *
You feel more agile all of a sudden.
You barely miss Crazy Yiuf.
Crazy Yiuf is lightly wounded.
Crazy Yiuf hits you with a +3 quarterstaff of chaos.
* * * LOW HITPOINT WARNING * * *
Crazy Yiuf misses you.
You hit Crazy Yiuf. You burn Crazy Yiuf.
Crazy Yiuf is moderately wounded.
Crazy Yiuf yells, "Flower!
Defame fast koolooloo."
Crazy Yiuf hits you with a +3 quarterstaff of chaos.
You die...

#..###...#...#
##.#####.# * #..# # *
#.## * #.# ## ##.#
.###..####♣♣ **###
.##...#....♣♣ ♣♣#..)#
....#.......♣♣♣♣@g...#
..#####......♣..♣#...#
...## ##....♣.♣♣♣**###
#...######♣♣♣♣♣
..#...## .####..# ###
.# ##.## #.# ## #..#
#.### ##.# #...#


You could see Crazy Yiuf.

Vanquished Creatures
  An adder (D:2)
  A worm (D:2)
  3 dart slugs (D:1)
  5 orcs (D:3)
  6 ball pythons
  8 bats
  3 endoplasms
  A giant cockroach (D:1)
  12 goblins
  3 hobgoblins
  5 quokkas
  17 frilled lizards
  4 kobolds
  5 rats
74 creatures vanquished.

Vanquished Creatures (others)
  3 plants (D:2)
3 creatures vanquished.

Grand Total: 77 creatures vanquished

Notes
Turn   | Place    | Note
-------+----------+-------------------------------------------
     0 | D:1      | Querens the Meteoran Fighter began the quest for the Orb.
     0 | D:1      | Reached XP level 1. HP: 19/19 MP: 2/2
    80 | D:1      | Reached XP level 2. HP: 26/26 MP: 3/3
   229 | D:1      | Reached XP level 3. HP: 31/31 MP: 4/4
   259 | D:1      | Learned a level 2 spell: Wereblood
   474 | D:1      | Glimpsed the power of Zot.
   523 | D:1      | Glimpsed the power of Zot.
   562 | D:1      | Glimpsed the power of Zot.
   571 | D:1      | Touched by the power of Zot.
   667 | D:1      | Found a faded altar of an unknown god.
   667 | D:1      | Glimpsed the power of Zot.
   778 | D:2      | Reached XP level 4. HP: 27/29 MP: 5/5
   885 | D:2      | Identified the +9 whip of Ignis's Approval {flame, rPois
                  | rF+ rC+ rN+}
   953 | D:2      | Reached skill level 1 in Transmutations
  1141 | D:2      | Reached skill level 1 in Spellcasting
  1258 | D:2      | Glimpsed the power of Zot.
  1408 | D:3      | Reached XP level 5. HP: 36/36 MP: 7/7
  1578 | D:3      | Found a runed translucent door.
  1579 | D:3      | Noticed Crazy Yiuf
  1587 | D:3      | HP: 1/38 [Crazy Yiuf/+3 quarterstaff of chaos (4)]
  1588 | D:3      | Slain by Crazy Yiuf

Illustrated notes

Levels and vault maps discovered:
D:1:      matt_arrival_grand_opening, layout_basic,
          dreamdust_ecumenical_altar_hidden_monk_grotto
D:2:      layout_basic, minmay_lizard_king
D:3:      layout_rooms, minmay_goblin_outpost, uniq_crazy_yiuf_cottage

Skill      XL: |  1  2  3  4 |
---------------+-------------+-----
Shields        | 4 |  4.3
Armour         | 4 |  4.3
Axes           | 3 |  3.3
Transmutations | 1 |  1.4
Spellcasting   | 1 |  1.0
Fighting       | |  3.8

Action                   |  1- 3 |  4- 6 || total
-------------------------+-------+-------++-------
Melee: War axe           |    90 |    18 ||   108
       Whip              |       |    46 ||    46
Armor: Scale mail        |    42 |    29 ||    71
Dodge: Dodged            |    37 |    20 ||    57
Block: Buckler           |    21 |    17 ||    38
